AoeStats
← Pudjo

Black Forest

510174015Analyzed
4v4 RM · 3d ago on Sep 29, 2026· 56m 28s· 8 players
Game mode
Random Map
Map size
Large (8 player)
Population
200
Speed
Normal
Resources
Standard
Victory
Conquest
Starting age
Dark Age
Ending age
Imperial Age
RankedLock teamsTeams togetherTeam positionsShared explorationLock speedFull tech treeHidden civsTurbo modeCheats
Victory
Defeat
🇭🇷 Tupi · Croatia
1763
+10
🇷🇸 Wu · Serbia
1659
+14
🇧🇦 Varangians · Bosnia & Herzegovina
1480
+21
🇭🇷 Saracens · Croatia
1358
+26
🇹🇷 Tupi · Türkiye
1788
-24
🇹🇷 Varangians · Türkiye
1635
-19
🇹🇷 Danes · Türkiye
1512
-14
🇹🇷 Saracens · Türkiye
1508
-14
Pudjo
0:44 Loom
10:52 Feudal Age
12:36 Fletching
13:49 Padded Archer Armor
18:59 Wheelbarrow
19:48 Town Watch
24:24 Castle Age
25:01 Bodkin Arrow
24:29 Crossbowman
41:17 Imperial Age
41:19 Gold Mining
42:02 Bracer
42:31 Leather Archer Armor
41:49 Arbalester
42:34 Thumb Ring
43:22 Gold Shaft Mining
44:17 Chemistry
43:38 Ballistics
45:21 Hand Cart
46:05 Double-Bit Axe
47:19 Ring Archer Armor
48:26 Town Watch
49:16 Conscription
56:33 Parthian Tactics
ceepki
7:20 Loom
7:29 Loom
9:57 Feudal Age
13:37 Castle Age
14:57 Fletching
21:41 Bodkin Arrow
28:53 Horse Collar
28:59 Double-Bit Axe
32:11 Bow Saw
35:02 Coinage
36:12 Wheelbarrow
38:14 Imperial Age
37:07 Heavy Plow
36:58 Gold Mining
36:58 Stone Mining
38:48 Ballistics
38:20 Guard Tower
38:32 Padded Archer Armor
39:04 Bracer
39:13 Treadmill Crane
40:34 Chemistry
40:24 Hand Cart
44:35 Conscription
45:28 Keep
44:38 Arrowslits
45:11 Leather Archer Armor
48:15 Curare
48:40 Sappers
50:09 Elite Blackwood Archer
52:00 Onager
Ceki
11:58 Feudal Age
12:40 Feudal Age
13:34 Double-Bit Axe
16:40 Castle Age
16:21 Fishing Lines
17:55 Bow Saw
19:33 Gold Mining
22:35 Imperial Age
20:48 Fletching
21:17 Gillnets
21:53 Crossbowman
22:31 Bodkin Arrow
23:10 Arbalester
24:31 Bracer
26:42 Padded Archer Armor
28:41 Chemistry
28:53 Leather Archer Armor
30:09 Ballistics
32:49 Gold Shaft Mining
39:09 Two-Man Saw
38:21 Treadmill Crane
44:23 Stone Mining
45:58 Conscription
47:02 Caravan
47:46 Wheelbarrow
47:13 Loom
49:46 Horse Collar
51:16 Heavy Plow
52:20 Scale Mail Armor
52:30 Forging
53:37 Chain Mail Armor
54:17 Scale Barding Armor
54:48 Iron Casting
55:31 Husbandry
56:22 Bloodlines
56:55 Chain Barding Armor
57:36 Blast Furnace
57:02 Hand Cart
56:11 Heavy Hei Guang Cavalry
Pitlja
6:15 Loom
11:51 Feudal Age
15:28 Castle Age
13:47 Double-Bit Axe
16:42 Bow Saw
16:50 Horse Collar
17:11 Fishing Lines
21:34 Gillnets
23:16 Scale Mail Armor
23:27 Forging
24:26 Chain Mail Armor
24:21 Squires
24:34 Heavy Plow
26:30 Gold Mining
30:52 Imperial Age
29:00 Wheelbarrow
29:59 Iron Casting
31:13 Ballistics
30:47 Stone Mining
32:38 Chemistry
32:10 Plate Mail Armor
32:41 Blast Furnace
31:03 Elite Varangian Guard
33:47 Siege Engineers
34:27 Heavy Scorpion
36:15 Gothikon
37:16 Conscription
37:54 Crop Rotation
38:34 Two-Man Saw
38:03 Arson
38:46 Caravan
39:11 Vendel Legacy
39:58 Scale Barding Armor
41:43 Bloodlines
41:34 Husbandry
41:11 Cavalier
42:39 Chain Barding Armor
42:10 Capped Ram
43:04 Siege Ram
44:40 Coinage
56:36 Guilds
imenek
5:50 Loom
6:35 Loom
8:50 Feudal Age
16:45 Wheelbarrow
16:47 Padded Archer Armor
17:32 Fletching
25:41 Castle Age
39:03 Double-Bit Axe
40:10 Elite Skirmisher
46:02 Bodkin Arrow
48:55 Leather Archer Armor
49:03 Ballistics
51:10 Thumb Ring
54:22 Imperial Age
53:01 Thumb Ring
53:45 Hand Cart
53:15 Town Watch
53:22 Gold Mining
53:26 Stone Mining
54:26 Onager
55:10 Bracer
54:36 Onager
56:59 Ring Archer Armor
57:33 Chemistry
YuYa_AoE
11:05 Feudal Age
15:03 Castle Age
13:21 Double-Bit Axe
15:07 Padded Archer Armor
16:36 Bow Saw
16:14 Fishing Lines
19:14 Loom
26:54 Wheelbarrow
26:05 Town Watch
27:25 Horse Collar
27:37 Gold Mining
29:19 Hand Cart
32:40 Imperial Age
30:38 Heavy Plow
31:47 Bloodlines
31:38 Husbandry
31:07 Vendel Legacy
32:18 Scale Barding Armor
32:23 Forging
32:42 Fletching
32:58 Stone Mining
33:54 Conscription
34:13 Hand Cart
35:41 Cavalier
44:52 Caravan
47:06 Two-Man Saw
48:57 Chain Barding Armor
50:14 Iron Casting
50:19 Plate Barding Armor
51:15 Iron Casting
53:34 Blast Furnace
52:04 Light Cavalry
55:04 Bodkin Arrow
Edelreiss
0:57 Loom
13:14 Feudal Age
14:15 Double-Bit Axe
19:34 Castle Age
26:12 Imperial Age
23:59 Fletching
23:52 Fishing Lines
24:48 Bodkin Arrow
25:33 Gold Mining
26:38 Padded Archer Armor
27:12 Bracer
27:13 Gillnets
30:25 Ballistics
31:28 Chemistry
32:54 Curare
34:31 Leather Archer Armor
38:19 Wheelbarrow
39:39 Onager
48:51 Guard Tower
50:13 Guard Tower
50:12 Arrowslits
52:06 Keep
PolishedPoo
11:57 Feudal Age
15:38 Castle Age
15:58 Double-Bit Axe
17:52 Scale Mail Armor
18:02 Forging
17:49 Loom
25:29 Chain Mail Armor
27:49 Wheelbarrow
27:00 Fishing Lines
29:29 Iron Casting
28:59 Squires
28:46 Gambesons
29:30 Bow Saw
33:15 Horse Collar
36:08 Imperial Age
33:54 Hand Cart
34:49 Arson
36:27 Elite Varangian Guard
36:48 Capped Ram
37:26 Gold Mining
38:47 Plate Mail Armor
41:14 Blast Furnace
40:56 Onager
43:44 Town Watch
43:53 Siege Ram
46:17 Hamask
47:48 Conscription
51:11 Heavy Plow
55:28 Siege Engineers
Connection lost

Rejoining the realm…

Still unreachable

The connection could not be restored.

Session expired

The server has moved on; the page needs a fresh start.